 Dungeon Crawl Stone Soup version 0.31-a0-426-g3a05650e59 (webtiles) character file.

Game seed: 2262722548936861902

296859 Ge0ff the Stormcaller (level 20, -9/106 HPs)
             Began as a Vine Stalker Fire Elementalist on July 29, 2023.
             Was an Initiate of Gozag.
             Succumbed to a +0 triple sword of venom's poison
             ... on level 2 of the Elven Halls on July 30, 2023.
             The game lasted 01:52:03 (54979 turns).

Ge0ff the Stormcaller (VSFE)                       Turns: 54979, Time: 01:52:04

Health: -9/106     AC: 13    Str: 10    XL:     20   Next: 92%
Magic:  4/48       EV: 13    Int: 24    God:    Gozag
Gold:   12444      SH:  8    Dex: 11    Spells: 4/48 levels left

rFire   + . .        a - +1 spear of Okawaru's Outrage {freeze, rPois rC+ Dex-5}
rCold   + + +        w - +3 buckler
rNeg    . . .        D - +2 robe {rC+ rF+}
rPois   +            Q - +2 helmet {Int+3}
rElec   .            r - +2 cloak {Stlth+}
rCorr   .            G - +0 pair of gloves
SInv    .            o - +0 pair of boots
Will    ++++.        S - amulet of magic regeneration
Stlth   +++          W - ring of Mysticism {Fly rC++ Will++ Str-3}
HPRegen 1.17/turn    n - ring of magical power {=R}
MPRegen 0.71/turn

%: guardian spirit
@: lethally poisoned (-9 -> -100), flying, slightly contaminated
A: fangs 3, regeneration 1, magic shield, antimagic bite, no potion heal 2
}: 2/15 runes: decaying, serpentine
a: Renounce Religion, Potion Petition, Call Merchant, Bribe Branch


You were on level 2 of the Elven Halls.
You worshipped Gozag.
Gozag was extremely pleased with you.
You visited 7 branches of the dungeon, and saw 33 of its levels.
You also visited: Ice Cave and Volcano.

You collected 14546 gold pieces.
You spent 1006 gold pieces at shops.
You paid 1096 gold pieces to Gozag.

Inventory:

Hand Weapons
 a - the +1 spear of Okawaru's Outrage (weapon) {freeze, rPois rC+ Dex-5}
   (You found it on level 11 of the Dungeon)

   Dex:       It affects your dexterity (-5).
   rC:        It protects you from cold.
   rPois:     It protects you from poison.
 h - the +5 short sword of Toadaell {venom, rElec rPois rF- rC+}
   (You bought it in a shop on level 6 of the Dungeon)

   rF:        It makes you vulnerable to fire.
   rC:        It protects you from cold.
   rElec:     It insulates you from electricity.
   rPois:     It protects you from poison.
Missiles
 c - 30 boomerangs {13/13}
 g - 4 throwing nets {=F}
 v - 4 curare-tipped darts {=F}
Armour
 o - a +0 pair of boots (worn)
 r - a +2 cloak of stealth (worn)
 w - a +3 buckler (worn)
 D - a +2 robe of resistance (worn)
 G - a +0 pair of gloves (worn)
 Q - a +2 helmet of intelligence (worn)
Magical Staves
 b - a staff of conjuration
Jewellery
 m - a ring of poison resistance
 n - a ring of magical power (right hand) {=R}
 x - the amulet of Bodily Harmony {Spirit Regen+}
   (You found it on level 1 of the Snake Pit)

   [amulet of guardian spirit]

   It causes incoming damage to be divided between your reserves of health and
   magic.
   Regen:     It increases your rate of health regeneration.
 J - a ring of wizardry
 S - an amulet of magic regeneration (around neck)
 W - the ring of Mysticism (left hand) {Fly rC++ Will++ Str-3}
   (You acquired it on level 11 of the Dungeon)

   [ring of flight]

   Str:       It affects your strength (-3).
   rC:        It greatly protects you from cold.
   Fly:       It grants you flight.
   Will:      It greatly increases your willpower.
 Y - a +5 ring of evasion
Talismans
 L - a dragon-blood talisman
Wands
 d - a wand of digging (9)
 e - a wand of charming (11)
 f - a wand of flame (40)
 j - a wand of light (20)
 k - a wand of iceblast (11)
 s - a wand of mindburst (22)
 P - a wand of polymorph (13)
Scrolls
 i - 15 scrolls of identify
 y - 7 scrolls of immolation
 A - 2 scrolls of enchant armour
 B - a scroll of blinking
 C - 6 scrolls of poison
 E - a scroll of fear
 F - 6 scrolls of fog
 T - 11 scrolls of teleportation
 V - 6 scrolls of vulnerability
Potions
 q - 18 potions of curing
 u - 7 potions of mutation {!q}
 z - 3 potions of brilliance
 H - 2 potions of haste {!q}
 I - 2 potions of invisibility
 K - 3 potions of magic {!q}
 M - 4 potions of might
 N - 6 potions of cancellation {!q}
 R - 2 potions of resistance
 X - 12 potions of enlightenment
 Z - 2 potions of berserk rage {!q}
Miscellaneous
 l - a lightning rod (4/4)
 t - a tin of tremorstones (inert)
 O - a sack of spiders
 U - a phantom mirror


   Skills:
 + Level 11.6 Fighting
 - Level 3.0 Throwing
 + Level 6.2 Armour
 - Level 7.0 Dodging
 - Level 2.4 Stealth
 - Level 7.0 Shields
 + Level 14.6 Spellcasting
 + Level 14.8 Conjurations
 - Level 7.0 Hexes
 - Level 7.0 Translocations
 + Level 3.3 Transmutations
 + Level 14.7 Fire Magic
 + Level 17.6 Air Magic
 - Level 0.2 Invocations
 + Level 6.1 Evocations


You had 4 spell levels left.
You knew the following spells:

 Your Spells              Type           Power      Damage    Failure   Level
d - Iskenderun's Mystic   Conj/Tloc      63%        2d13      1%          4
e - Irradiate             Conj/Tmut      28%        3d21      3%          5
j - Inner Flame           Hex/Fire       62%        N/A       1%          3
n - Flame Wave            Conj/Fire      73%        2d16      1%          4
p - Fulminant Prism       Conj/Hex       31%        3d16      1%          4
s - Plasma Beam           Fire/Air       38%        2x1d51    1%          6
x - Maxwell's Capacitive  Air            40%        ∞         22%         8
C - Fireball              Conj/Fire      36%        3d15      1%          5
E - Arcjolt               Conj/Air       38%        1d48      1%          5

Your spell library contained the following spells:

 Spells                   Type           Power      Damage    Failure   Level
 Foxfire                  Conj/Fire      100%       2x1d9     0%          1
 Magic Dart               Conj           100%       1d8       0%          1
 Scorch                   Fire           100%       2d9       0%          2
 Searing Ray              Conj           100%       2d8       0%          2
 Swiftness                Air            80%        N/A       0%          3
 Kiss of Death            Conj/Necr      100%       2d13      1%          1
 Slow                     Hex            100%       N/A       1%          1
 Ensorcelled Hibernation  Hex/Ice        68%        N/A       1%          2
 Poisonous Vapours        Pois/Air       100%       N/A       1%          2
 Confusing Touch          Hex            50%        N/A       1%          3
 Dazzling Flash           Conj/Hex       100%       N/A       1%          3
 Gell's Gravitas          Tloc           50%        N/A       1%          3
 Ignite Poison            Fire/Tmut/Pois 46%        N/A       1%          3
 Portal Projectile        Hex/Tloc       100%       N/A       1%          3
 Teleport Other           Tloc           50%        N/A       1%          3
 Tukima's Dance           Hex            50%        N/A       1%          3
 Vhi's Electric Charge    Tloc/Air       100%       N/A       1%          3
 Volatile Blastmotes      Fire/Tloc      100%       2d18      1%          3
 Sticky Flame             Conj/Fire      73%        2d9       1%          4
 Sting                    Tmut/Pois      100%       1d8       2%          1
 Cause Fear               Hex            25%        N/A       2%          4
 Passwall                 Tmut/Erth      20%        N/A       3%          2
 Necrotise                Necr           68%        1d7       4%          1
 Sublimation of Blood     Necr           17%        N/A       7%          2
 Anguish                  Hex/Necr       17%        N/A       11%         4
 Leda's Liquefaction      Hex/Erth       17%        N/A       11%         4
 Call Canine Familiar     Summ           17%        N/A       13%         3
 Vampiric Draining        Necr           17%        2d7       13%         3
 Petrify                  Tmut/Erth      25%        N/A       22%         4
 Dispel Undead            Necr           17%        3d10      41%         4
 Olgreb's Toxic Radiance  Pois           17%        N/A       41%         4
 Iskenderun's Battlesphe  Conj           73%        2d12      1%          5
 Silence                  Hex/Air        33%        N/A       1%          5
 Conjure Ball Lightning   Conj/Air       38%        3x3d12    1%          6
 Starburst                Conj/Fire      36%        6d11      1%          6
 Orb of Destruction       Conj           36%        9d11      9%          7
 Dispersal                Tloc           25%        N/A       36%         6
 Ignition                 Fire           36%        3d11      56%         8
 Agony                    Necr           17%        N/A       77%         5
 Enfeeble                 Hex            25%        N/A       91%         7
 Haunt                    Necr/Summ      8%         N/A       100%        7
 Borgnjor's Revivificati  Necr           8%         N/A       100%        8
 Death's Door             Necr           8%         N/A       100%        9


Dungeon Overview and Level Annotations

Branches:
Dungeon (15/15) Zot: 24651  Temple (1/1) D:7 Zot: 5994    Lair (5/5) D:10 Zot: 22554
  Swamp (4/4) Lair:2 Zot: 16783   Snake (4/4) Lair:3 Zot: 14545   Slime (0/5) Lair:5
    Orc (2/2) D:9 Zot: 8974     Elf (2/3) Orc:2 Zot: 8851  Vaults (0/5) D:13
 Depths (0/4) D:15          IceCv (visited)         Volcano (visited)

Altars:
Ashenzari
Cheibriados
Dithmenos
Elyvilon
Fedhas
Gozag
Hepliaklqana
Kikubaaqudgha
Makhleb
Nemelex Xobeh
Okawaru
Qazlal
Ru
Sif Muna
Trog
Uskayaw
Vehumet
Wu Jian
Xom
Yredelemnul
Zin
The Shining One

Shops:
D:6 (   Orc:2 !*[:


Innate Abilities, Weirdness & Mutations

You have razor-sharp teeth.
Your natural rate of healing is unusually fast.
When hurt, damage is shared between your health and your magic reserves.
Your bite disrupts and absorbs the magic of your enemies.
Potions cannot restore your health.


Message History

You reach down and open the door.
You block the +2 dire flail of protection's attack.
Casting: Iskenderun's Mystic Blast (mildly dangerous; 1% risk of failure)
Confirm with . or Enter, or press ? or * to list all spells.
You erupt in a fountain of uncontrolled magic!
The +2 dire flail of protection is blasted with magical radiation!!!
The +2 dire flail of protection turns to gold and falls from the air.
You are lightly contaminated with residual magic.
The deep elf pyromancer is distracted by your dazzling golden aura.
There is an open door here.
As you close the door, it creaks loudly!
You start resting.
A +0 triple sword of venom is nearby!
What are your orders? t - Shout!
Orders for allies: a - Attack new target. r - Retreat! s - Stop attacking. g - Guard the area. f - Follow me.
Anything else - Cancel.
You shout for attention!
The +0 triple sword of venom hits you!!
Casting: Irradiate (dangerous; 3% risk of failure)
Confirm with . or Enter, or press ? or * to list all spells.
You erupt in a fountain of uncontrolled magic!
The +0 triple sword of venom is blasted with magical radiation!!
The +0 triple sword of venom is almost destroyed.
The +0 triple sword of venom hits you!!
You are poisoned.
Casting: Irradiate (dangerous; 3% risk of failure)
Confirm with . or Enter, or press ? or * to list all spells.
You miscast Irradiate.
You are lightly contaminated with residual magic.
Nothing appears to happen.
You feel extremely sick. The +0 triple sword of venom hits you!
You are more poisoned.
Casting: Irradiate (dangerous; 3% risk of failure)
Confirm with . or Enter, or press ? or * to list all spells.
You erupt in a blast of force!
The mystic blast hits the +0 triple sword of venom but does no damage.
The +0 triple sword of venom is almost destroyed.
You feel extremely sick.
The +0 triple sword of venom hits you!!!
* * * LOW HITPOINT WARNING * * *
You are more poisoned.
Blink to where?
Press: ? - help, Dir - move target
As you read the scroll of blinking, it crumbles to dust.
You die...
Your body crumbles into a pile of gold.

# #....### #.#
#.......#### # #......#
#§# ##.♣♣♣..'..' #
#....### #(#
#.....##### ##
##..##'## #.# ##'.♣.##
# .##########.##
#'#####.#...# ##
#'#...###
##.###...##.###.######.
#.....).# ##'#.....'##
#.##.##.#
#.......######.......##
###...'##
#.....[.'...'...@.....#
#.....#
#.......#####.........#
##...## ........#
#.........# ##.##
###<..### ##.......##
### ##### ##...>.##
##...## #####


You could see a +0 triple sword of venom.

Vanquished Creatures
  the Lernaean hydra (Swamp:4)
  Vashnia (Snake:4)
  An Ice Fiend (IceCv)
  Mlioglotl (Swamp:3)
  Gastronok (Orc:1)
  A fenstrider witch (Swamp:4)
  6 nagarajas
  A frost giant (D:15)
  A deep elf elementalist (Elf:1)
  A deep elf demonologist (Elf:2)
  6 bunyips
  6 eleionomae
  2 deep elf death magi (Elf:1)
  Josephine (D:15)
  2 deep elf high priests (Elf:1)
  26 hydras
  Fannar (D:10)
  5 centaur warriors
  5 salamander tyrants
  A caustic shrike simulacrum (IceCv)
  2 ogre magi
  3 ghost crabs (Swamp:3)
  A boulder beetle (D:15)
  Erica (Orc:1)
  14 anacondas
  2 catoblepae (Lair:5)
  25 naga warriors
  8 two-headed ogres
  5 tengu warriors
  23 dancing weapons
  4 death yaks (Lair:5)
  5 alligators
  A deep troll shaman (Lair:5)
  17 naga sharpshooters
  10 hell knights
  2 orc high priests
  18 deep elf knights
  9 shock serpents
  Urug (D:10)
  9 salamander mystics
  A skeletal warrior (D:13)
  7 goliath frogs
  5 deep elf archers (Elf:1)
  An orange crystal statue (Elf:1)
  Pikel (D:6)
  7 naga ritualists
  9 bog bodies
  4 spriggan simulacra (IceCv)
  3 spriggan druids
  An obsidian statue (IceCv)
  16 swamp dragons
  8 orc knights
  7 ugly things
  22 deep elf pyromancers
  18 deep elf zephyrmancers
  2 will-o-the-wisps
  5 oklob plants
  6 mana vipers
  A necromancer (D:11)
  3 orc sorcerers
  15 elephants
  2 manticores
  6 cyclopes
  28 salamanders
  6 guardian serpents
  51 black mambas
  2 torpor snails
  21 naga magi
  2 gargoyles
  4 centaur skeletons (D:13)
  An unseen horror (D:14)
  3 rime drakes
  13 cane toads
  11 ice devils (IceCv)
  5 anaconda simulacra (IceCv)
  A freezing wraith (IceCv)
  8 yaktaurs
  A golden dragon simulacrum (IceCv)
  3 kobold demonologists
  9 komodo dragons
  An efreet (D:13)
  4 polar bears (Lair:5)
  8 trolls
  2 bloated husks
  10 tyrant leeches
  28 dream sheep
  14 hornets
  23 blink frogs
  A jumping spider (shapeshifter) (Elf:2)
  10 slime creatures
  16 spriggans
  Sigmund (D:3)
  7 wraiths
  A dire elephant simulacrum (IceCv)
  2 shadows (D:11)
  5 wyverns
  2 fire bats (D:6)
  2 steam dragons
  7 basilisks
  53 yaks
  5 fire elementals (Elf:1)
  6 minotaur simulacra (IceCv)
  8 vampire mosquitoes
  16 swamp worms
  10 wargs
  58 nagas
  2 acid dragons
  7 hell hounds (D:11)
  8 water moccasins
  39 orc warriors
  A floating eye (D:8)
  An ice beast (D:8)
  3 alligator simulacra (IceCv)
  14 swamp drakes
  5 black bears
  15 ogres
  16 wolves
  9 centaurs
  3 lemures (D:6)
  A kobold brigand (D:8)
  3 phantoms
  14 bullfrogs
  A gnoll sergeant (D:6)
  3 earth elementals (Elf:1)
  4 scorpions
  18 deep troll simulacra (IceCv)
  4 wights (D:8)
  A lindwurm simulacrum (IceCv)
  3 killer bees (D:7)
  2 electric eels
  5 spriggan skeletons (D:14)
  3 howler monkeys (D:13)
  A troll skeleton (D:14)
  3 hounds
  A jelly (D:5)
  9 orc priests
  3 sleepcaps
  Jessica (D:2)
  3 iguanas
  17 orc wizards
  6 hell rats (Lair:5)
  Robin (D:4)
  6 gnolls
  4 adders
  A shadow imp (D:7)
  4 white imps
  2 ufetubi (D:5)
  A worm (D:3)
  3 dart slugs
  77 orcs
  8 ball pythons
  10 endoplasms
  2 giant cockroaches (D:2)
  16 goblins
  9 hobgoblins
  9 jackals
  6 quokkas
  4 bats
  A frilled lizard (D:2)
  12 kobolds
  5 rats
1259 creatures vanquished.

Vanquished Creatures (collateral kills)
  An eleionoma (Lair:2)
  A hydra (Swamp:4)
  A swamp dragon (Swamp:4)
  An orc knight (Orc:2)
  An orc warrior (Orc:2)
  An orc (Orc:2)
  23 foxfires (D:8)
29 creatures vanquished.

Vanquished Creatures (others)
  A caustic shrike simulacrum (IceCv)
  A dancing weapon (Elf:1)
  An orc (Elf:1)
  825 foxfires
  42 fulminant prisms
870 creatures vanquished.

Grand Total: 2158 creatures vanquished

Notes
Turn   | Place    | Note
-------+----------+-------------------------------------------
     0 | D:1      | Ge0ff the Vine Stalker Fire Elementalist began the quest
                  | for the Orb.
     0 | D:1      | Reached XP level 1. HP: 9/9 MP: 4/4
   199 | D:1      | Reached XP level 2. HP: 13/13 MP: 4/6
   258 | D:1      | Learned a level 2 spell: Scorch
  1025 | D:2      | Reached XP level 3. HP: 16/16 MP: 2/7
  1029 | D:2      | Learned a level 3 spell: Inner Flame
  1374 | D:2      | Found a glowing silver altar of Zin.
  1396 | D:2      | Noticed Jessica
  1399 | D:2      | Killed Jessica
  1400 | D:2      | Gained mutation: Your natural rate of healing is unusually
                  | fast. [Vine Stalker growth]
  1400 | D:2      | Reached XP level 4. HP: 21/21 MP: 3/9
  1905 | D:3      | Found a shimmering blue altar of Sif Muna.
  2122 | D:3      | Got Sif Muna's Book of Cadavers
  2173 | D:3      | Reached skill level 1 in Hexes
  2228 | D:3      | Reached XP level 5. HP: 24/24 MP: 2/10
  2669 | D:3      | Noticed Sigmund
  2678 | D:3      | Killed Sigmund
  2679 | D:3      | Reached skill level 5 in Fire Magic
  2679 | D:3      | Reached XP level 6. HP: 28/28 MP: 3/12
  2926 | D:3      | Found a bloodstained altar of Trog.
  3778 | D:4      | Reached XP level 7. HP: 32/32 MP: 2/13
  4412 | D:4      | Noticed Robin
  4415 | D:4      | Killed Robin
  4524 | D:4      | Found a faded altar of an unknown god.
  4524 | D:4      | Found a white marble altar of Elyvilon.
  4530 | D:4      | Found an iron altar of Okawaru.
  4534 | D:4      | Found a broken altar of Ashenzari.
  4536 | D:4      | Found a faded altar of an unknown god.
  4544 | D:4      | Learned a level 4 spell: Flame Wave
  4596 | D:5      | Entered Level 5 of the Dungeon
  4988 | D:5      | Gained mutation: You have razor-sharp teeth. [Vine Stalker
                  | growth]
  4988 | D:5      | Reached XP level 8. HP: 36/36 MP: 10/15
  5591 | D:5      | Found a shadowy altar of Dithmenos.
  6041 | D:6      | Reached skill level 5 in Spellcasting
  6069 | D:6      | Noticed a cyclops
  6073 | D:6      | Killed a cyclops
  6074 | D:6      | Reached skill level 5 in Conjurations
  6112 | D:6      | Noticed a kobold demonologist
  6123 | D:6      | Killed a kobold demonologist
  6124 | D:6      | Reached XP level 9. HP: 39/39 MP: 9/17
  6424 | D:6      | Found a transporter.
  6641 | D:6      | Reached skill level 10 in Fire Magic
  7195 | D:6      | Reached skill level 1 in Fighting
  7292 | D:6      | Found Ugoj's Antique Weapon Boutique.
  7300 | D:6      | Bought a transparent short sword for 176 gold pieces
  7300 | D:6      | Identified the +5 short sword of Toadaell {venom, rElec
                  | rPois rF- rC+} (You bought it in a shop on level 6 of the
                  | Dungeon)
  7593 | D:6      | Noticed Pikel
  7603 | D:6      | Killed Pikel
  7604 | D:6      | Reached skill level 3 in Air Magic
  7752 | D:6      | Found a transporter.
  7764 | D:6      | Learned a level 5 spell: Arcjolt
  8087 | D:6      | Reached skill level 5 in Air Magic
  8093 | D:6      | HP: 2/44 [something (13)]
  8302 | D:7      | Noticed a kobold demonologist
  8307 | D:7      | Killed a kobold demonologist
  8308 | D:7      | Reached XP level 10. HP: 48/49 MP: 18/18
  8475 | D:7      | Found a staircase to the Ecumenical Temple.
  8487 | Temple   | Entered the Ecumenical Temple
  8688 | D:7      | Found an opulent altar of Gozag.
  8761 | D:7      | Became a worshipper of Gozag Ym Sagoz the Greedy
  9085 | D:7      | Found a radiant altar of Vehumet.
  9176 | D:8      | Reached skill level 6 in Air Magic
  9859 | D:8      | Found a sparkling altar of Nemelex Xobeh.
  9963 | D:8      | Noticed an oklob plant
  9963 | D:8      | Noticed an oklob plant
 10120 | D:8      | Noticed an oklob plant
 10354 | D:8      | Killed an oklob plant
 10660 | D:8      | Killed an oklob plant
 10661 | D:8      | Reached skill level 7 in Air Magic
 10723 | D:8      | Killed an oklob plant
 11091 | D:9      | Reached skill level 1 in Evocations
 11091 | D:9      | Reached XP level 11. HP: 46/52 MP: 16/21
 11353 | D:9      | Learned a level 5 spell: Fireball
 11752 | D:9      | Found a staircase to the Orcish Mines.
 11764 | D:9      | Found a sacrificial altar of Ru.
 11854 | D:9      | Found a basalt altar of Yredelemnul.
 12011 | D:9      | Found a snail-covered altar of Cheibriados.
 12037 | D:9      | Noticed a cyclops
 12041 | D:9      | Killed a cyclops
 12042 | D:9      | Reached skill level 8 in Air Magic
 12130 | D:10     | Entered Level 10 of the Dungeon
 12176 | D:10     | Found a staircase to the Lair.
 12275 | D:10     | Noticed a two-headed ogre
 12300 | D:10     | Killed a two-headed ogre
 12395 | D:10     | Noticed Urug
 12406 | D:10     | Killed Urug
 12813 | D:10     | Reached skill level 1 in Throwing
 13034 | D:10     | Noticed a two-headed ogre
 13039 | D:10     | Killed a two-headed ogre
 13040 | D:10     | Reached skill level 9 in Air Magic
 13149 | D:10     | Noticed Fannar
 13158 | D:10     | Killed Fannar
 13326 | D:10     | Noticed a two-headed ogre
 13331 | D:10     | Killed a two-headed ogre
 13332 | D:10     | Reached XP level 12. HP: 55/58 MP: 15/23
 13332 | D:10     | Noticed a two-headed ogre
 13338 | D:10     | Noticed an ogre mage
 13345 | D:10     | Killed an ogre mage
 13345 | D:10     | Killed a two-headed ogre
 13842 | D:11     | Noticed a two-headed ogre
 13845 | D:11     | Killed a two-headed ogre
 14123 | D:11     | Identified the +1 spear of Okawaru's Outrage {freeze, rPois
                  | rC+ Dex-5}
 14169 | D:11     | Noticed a two-headed ogre
 14173 | D:11     | Killed a two-headed ogre
 14574 | D:11     | Noticed a hell knight
 14582 | D:11     | Learned a level 4 spell: Iskenderun's Mystic Blast
 14680 | D:11     | Killed a hell knight
 14793 | D:11     | Identified a scroll of acquirement
 14794 | D:11     | Acquired the ring of Mysticism {Fly rC++ Will++ Str-3}
 14817 | D:11     | Noticed a hell knight
 14818 | D:11     | Noticed a hell knight
 14869 | D:11     | Reached skill level 1 in Translocations
 14869 | D:11     | Reached skill level 10 in Air Magic
 14965 | D:11     | Noticed a hell knight
 14966 | D:11     | Noticed a hell knight
 14968 | D:11     | Noticed a hell knight
 15148 | D:11     | Noticed a hell knight
 15254 | D:12     | Reached skill level 10 in Conjurations
 15258 | D:12     | Noticed a two-headed ogre
 15837 | D:12     | Reached skill level 5 in Fighting
 16162 | D:12     | Reached XP level 13. HP: 63/63 MP: 15/25
 16508 | Lair:1   | Entered Level 1 of the Lair of Beasts
 17662 | Lair:1   | Learned a level 4 spell: Fulminant Prism
 17978 | Lair:2   | Reached XP level 14. HP: 68/68 MP: 30/30
 18128 | Lair:2   | Reached skill level 5 in Hexes
 18391 | Lair:2   | Reached skill level 11 in Air Magic
 18725 | Lair:2   | Found a staircase to the Swamp.
 19166 | Lair:3   | Reached skill level 12 in Air Magic
 19241 | Lair:3   | Found a dark tunnel.
 19295 | Volcano  | Entered a volcano
 19377 | Volcano  | Found a bloodstained altar of Trog.
 19625 | Volcano  | Reached XP level 15. HP: 72/74 MP: 29/31
 19993 | Lair:3   | Learned a level 8 spell: Maxwell's Capacitive Coupling
 20462 | Lair:3   | Found a staircase to the Snake Pit.
 21133 | D:11     | Reached skill level 1 in Armour
 22328 | Lair:5   | Entered Level 5 of the Lair of Beasts
 23745 | Lair:5   | Reached skill level 13 in Air Magic
 24232 | Lair:5   | Reached XP level 16. HP: 81/81 MP: 29/32
 24237 | Lair:5   | Found a staircase to the Slime Pits.
 24405 | Orc:1    | Entered Level 1 of the Orcish Mines
 24405 | Orc:1    | Noticed Gastronok
 24413 | Orc:1    | Killed Gastronok
 24414 | Orc:1    | Reached skill level 5 in Translocations
 24617 | Orc:1    | Noticed Erica
 24625 | Orc:1    | Killed Erica
 25275 | Orc:2    | Entered Level 2 of the Orcish Mines
 26665 | Orc:2    | Found Ehusm's Book Boutique.
 26665 | Orc:2    | Found Siroton's Antique Armour Shoppe.
 26764 | Orc:2    | Found Mymmir's General Store.
 26764 | Orc:2    | Found Satiag's Distillery.
 26770 | Orc:2    | Bought a potion of invisibility for 120 gold pieces
 26770 | Orc:2    | Bought a scroll of vulnerability for 60 gold pieces
 26780 | Orc:2    | Bought a potion of haste for 130 gold pieces
 26780 | Orc:2    | Bought a potion of cancellation for 104 gold pieces
 26780 | Orc:2    | Bought a potion of cancellation for 104 gold pieces
 26780 | Orc:2    | Bought 2 potions of curing for 78 gold pieces
 26780 | Orc:2    | Bought a potion of resistance for 130 gold pieces
 26780 | Orc:2    | Bought a potion of mutation for 104 gold pieces
 26828 | Orc:2    | Found a staircase to the Elven Halls.
 27628 | D:13     | Found a broken altar of Ashenzari.
 28208 | D:13     | Found a gate to the Vaults.
 28695 | D:14     | Found a sparkling altar of Nemelex Xobeh.
 29524 | D:15     | Entered Level 15 of the Dungeon
 29572 | D:15     | Found a transporter.
 29577 | D:15     | Found a transporter.
 29813 | D:15     | Reached skill level 14 in Air Magic
 29814 | D:15     | Reached skill level 1 in Shields
 30247 | D:15     | Found a transporter.
 30251 | D:15     | Found a transporter.
 30418 | D:15     | Noticed Josephine
 30711 | D:15     | Found a transporter.
 30719 | D:15     | Found a transporter.
 30742 | D:15     | Found a staircase to the Depths.
 30987 | D:15     | Found a transporter.
 30991 | D:15     | Found a transporter.
 30995 | D:15     | Found a transporter.
 30995 | D:15     | Found a transporter.
 30997 | D:15     | Found a transporter.
 30997 | D:15     | Found a transporter.
 31004 | D:15     | Killed Josephine
 31717 | D:15     | Found a staircase to the Depths.
 31877 | Swamp:1  | Entered Level 1 of the Swamp
 31886 | Swamp:1  | Reached XP level 17. HP: 86/86 MP: 22/34
 31983 | Swamp:1  | Found a frozen archway.
 32003 | IceCv    | Entered an ice cave
 32006 | IceCv    | Reached skill level 5 in Dodging
 32667 | IceCv    | Identified the +7 quarterstaff of Keskifud {flame, rF++
                  | Str+5}
 33373 | IceCv    | Noticed an Ice Fiend
 33382 | IceCv    | Killed an Ice Fiend
 33966 | IceCv    | Identified the +2 sling "Killer Bee's Bane" {speed, rC++}
 35197 | Swamp:1  | You are sucked into a shaft and drop 1 floor!
 37252 | Swamp:2  | Learned a level 6 spell: Plasma Beam
 37952 | Swamp:3  | Noticed Mlioglotl
 37955 | Swamp:3  | Noticed a tentacled starspawn
 37962 | Swamp:3  | Killed Mlioglotl
 37971 | Swamp:3  | Reached skill level 15 in Air Magic
 38140 | Swamp:3  | Reached skill level 5 in Shields
 38371 | Swamp:3  | Reached XP level 18. HP: 67/93 MP: 10/35
 38691 | Swamp:3  | Found a basalt altar of Yredelemnul.
 38762 | Swamp:3  | Identified the +1 ring mail "Eqaqinn" {Rampage rPois rF++
                  | Dex-5}
 39092 | Swamp:4  | Entered Level 4 of the Swamp
 41433 | Swamp:4  | Noticed the 27-headed Lernaean hydra
 41439 | Swamp:4  | Killed the 27-headed Lernaean hydra
 41440 | Swamp:4  | Reached skill level 10 in Fighting
 41560 | Swamp:4  | Got a decaying rune of Zot
 41823 | Snake:1  | Entered Level 1 of the Snake Pit
 41896 | Snake:1  | Identified the amulet of Bodily Harmony {Spirit Regen+}
 43092 | Snake:2  | Reached skill level 16 in Air Magic
 43975 | Snake:2  | Reached XP level 19. HP: 98/98 MP: 34/37
 44199 | Snake:2  | Identified the +5 shortbow of the Majestic God {flame,
                  | rPois rC+ Stlth+}
 45345 | Snake:3  | Upgraded the game from 0.31-a0-408-gb642c7f9a3 to
                  | 0.31-a0-426-g3a05650e59
 47502 | Snake:4  | Entered Level 4 of the Snake Pit
 48045 | Snake:4  | Noticed Vashnia
 48266 | Snake:4  | Killed Vashnia
 49539 | Snake:4  | Found a sparkling altar of Nemelex Xobeh.
 49596 | Snake:4  | Identified the +9 scimitar "Vatyum" {vamp, rC- Str+5 Dex+4}
 49621 | Snake:4  | Reached skill level 17 in Air Magic
 49860 | Snake:4  | Reached skill level 5 in Armour
 50200 | Snake:4  | Reached XP level 20. HP: 105/105 MP: 32/39
 50666 | Snake:4  | Reached skill level 5 in Evocations
 51130 | Snake:4  | Got a serpentine rune of Zot
 51152 | Snake:4  | Learned a level 5 spell: Irradiate
 51504 | Elf:1    | Entered Level 1 of the Elven Halls
 51850 | Elf:1    | Reached skill level 1 in Transmutations
 53917 | Elf:2    | Found a runed translucent gate.
 53917 | Elf:2    | Found a runed translucent gate.
 53917 | Elf:2    | Found a runed translucent gate.
 54979 | Elf:2    | Succumbed to a +0 triple sword of venom's poison

Illustrated notes

Levels and vault maps discovered:
D:1:      enne_arrival_octagon_isle, layout_basic
D:2:      layout_rooms, basic_altar, uniq_jessica
D:3:      layout_basic, nzn_overflow_gifts_of_might_and_magic, uniq_sigmund
D:4:      layout_basic, chequers_temple_overflow_minitemple, uniq_robin
D:5:      layout_basic, mainiacjoe_overflow_tiny_flanked
D:6:      gammafunk_cloud_chamber, layout_layer_cave, nicolae_stop_n_shop_2,
          minmay_three_doors, uniq_pikel
D:7:      layout_basic, nicolae_gozag_cash_rules_everything_around_me,
          mainiacjoe_overflow_six_doors_small,
          minmay_temple_entry_gardened_gates
D:8:      layout_basic, old_standard_altar, disabler_island
D:9:      layout_small_grid, nicolae_ru_the_path_less_chosen,
          general_overflow_altar, mainiacjoe_overflow_alcove_2, orc_0_dummy,
          serial_glass, glass_columns_b, glass_columns_c,
          minmay_strange_pillars, lightli_minifort
D:10:     layout_roguey, david_lair_generic, serial_corexii_hall,
          corexii_hall_statues_deadend, corexii_hall_statues_deadend,
          chequers_hall_statues_wall_a, corexii_hall_statues_x, uniq_urug,
          uniq_fannar
D:11:     layout_loops_ring, minmay_rotating_lava
D:12:     layout_rooms
D:13:     layout_irregular_city, hangedman_vaults_entry_quadrant_bands,
          ashenzari_altar_1
D:14:     layout_roguey, nemelex_xobeh_ov_fountains_minmay,
          hangedman_tell_no_tales
D:15:     grunt_enter_depths_snipers, layout_loops_corners,
          serial_nicolae_subway, nicolae_sub_station_stone,
          nicolae_sub_station_metal, nicolae_sub_station_crystal, uniq_josephine
Temple:   compressed_dpeg_circular_temple
Lair:1:   layout_chaotic_city, nicolae_lair_lil_pond
Lair:2:   layout_long_grid, swamp_mist
Lair:3:   layout_cave_pods, nicolae_snake_entry_squirm,
          nicolae_volcano_entry_lava_flow, serial_bayou_crossing,
          grunt_megastairs_4
Lair:4:   layout_hall_layers, serial_bayou_lagoon_b
Lair:5:   grunt_lair_end_beastmaster, layout_concentric_octagons,
          minmay_slime_entry_oklob_enclosed, nicolae_quartered_pool_medium,
          infiniplex_staircase_pool_2
Swamp:1:  layout_basic_swamp, portal_ice_cave_entry_pillars_three,
          evilmike_swamp_ruin_rubble_2
Swamp:2:  layout_basic_swamp, evilmike_swamp_ruin_house_1, swamp_pool5,
          infiniplex_staircase_pool
Swamp:3:  layout_basic_swamp, serial_swamp_ruin, evilmike_swamp_ruin_rubble_1,
          evilmike_swamp_ruin_house_6, grunt_ruined_hall, uniq_mlioglotl
Swamp:4:  swamp_basic_johnstein, layout_basic_swamp
Snake:1:  layout_onion_interference
Snake:2:  layout_onion_interference, grunt_ministairs_3,
          nicolae_snake_gridmaze_spiral
Snake:3:  layout_onion
Snake:4:  snake_pit, layout_basic, basic_altar, uniq_vashnia
Orc:1:    layout_diamond_mine, uniq_gastronok, uniq_erica
Orc:2:    st_orc_town, layout_caves
Elf:1:    eino_elf_arrival_the_gate, layout_loops_cross,
          kennysheep_underground_church, small_chamber_with_monster,
          minivault_16, glass_columns_a, corexii_checkpoint_a,
          onia_ninara_cookie
Elf:2:    nicolae_elf_blades_crystal_corner, layout_geoelf_octagon, kb_rosetta

Skill      XL: |  1  2  3  4  5  6  7  8  9 10 11 12 13 14 15 16 17 18 19 20 |
---------------+-------------------------------------------------------------+-----
Conjurations   | 2 3 5 7 9 10 11 12 13 14 | 14.8
Fire Magic     | 4 5 6 9 10 11 12 13 14 | 14.7
Hexes          | 1 2 3 7 |  7.0
Spellcasting   | 3 4 5 6 7 11 12 13 14 | 14.6
Fighting       | 3 5 6 7 8 9 10 11 | 11.6
Air Magic      | 5 7 9 10 12 13 14 15 16 17 | 17.6
Evocations     | 1 3 4 6 |  6.1
Throwing       | 2 3 |  3.0
Translocations | 2 3 4 6 7 |  7.0
Dodging        | 3 4 5 7 |  7.0
Armour         | 3 5 6 |  6.2
Shields        | 2 5 6 7 |  7.0
Transmutations | 3 |  3.3
Stealth        | |  2.4
Invocations    | |  0.2

Action                     |  1- 3 |  4- 6 |  7- 9 | 10-12 | 13-15 | 16-18 | 19-21 || total
---------------------------+-------+-------+-------+-------+-------+-------+-------++-------
  Melee: Unarmed           |     2 |       |       |       |       |       |       ||     2
         Dagger            |     5 |     4 |     8 |    21 |    25 |     7 |       ||    70
         Bite              |     1 |       |       |    10 |    16 |     6 |       ||    33
         Spear             |       |       |       |       |       |     3 |       ||     3
  Throw: Throwing net      |       |       |       |     3 |       |       |       ||     3
         Dart              |       |       |       |     1 |     1 |       |       ||     2
   Cast: Foxfire           |    51 |    94 |   162 |   164 |     5 |     1 |       ||   477
         Scorch            |       |     5 |    46 |    67 |    15 |       |       ||   133
         Inner Flame       |       |       |     1 |    13 |       |    15 |       ||    29
         Flame Wave        |       |       |     1 |     2 |     2 |       |       ||     5
         Arcjolt           |       |       |       |    25 |   122 |   140 |    22 ||   309
         Fireball          |       |       |       |    49 |   206 |   701 |   121 ||  1077
         Iskenderun's Myst |       |       |       |    42 |     9 |    11 |    35 ||    97
         Fulminant Prism   |       |       |       |       |    37 |     5 |       ||    42
         Plasma Beam       |       |       |       |       |       |    69 |   349 ||   418
         Irradiate         |       |       |       |       |       |       |    31 ||    31
         Maxwell's Capacit |       |       |       |       |       |       |     2 ||     2
 Invoke: Potion Petition   |       |       |       |     1 |     2 |       |       ||     3
  Evoke: Wand              |       |       |     3 |     4 |     7 |    10 |    11 ||    35
         Lightning rod     |       |       |       |       |       |     7 |    11 ||    18
         Phantom mirror    |       |       |       |       |       |     2 |       ||     2
         Tin of tremorston |       |       |       |       |       |       |     4 ||     4
    Use: Scroll            |       |     3 |       |    14 |    14 |     9 |     2 ||    42
         Potion            |       |       |       |     1 |     2 |     1 |       ||     4
   Stab: Sleeping          |       |       |     1 |     1 |       |     1 |       ||     3
 Armour: Robe              |     3 |     1 |    24 |    16 |    73 |    65 |    27 ||   209
  Dodge: Dodged            |     9 |     6 |    43 |    60 |   106 |   161 |    73 ||   458
  Block: Buckler           |       |       |       |       |       |    38 |    60 ||    98

Table legend: (Time is in decaauts)
 A = Elapsed time spent in this place.
 B = Non-inter-level travel time spent in this place.
 C = Inter-level travel time spent in this place.
 D = Time resting spent in this place.
 E = Time spent auto-exploring this place.
 F = Levels seen in this place.
 G = Mean time per level.
                   A        B        C        D        E       F      G
               +--------+--------+--------+--------+--------+-----+--------+
         Total |  55043 |  52564 |   2479 |  10602 |  33987 |  35 | 1572.7 |
       Dungeon |  21781 |  20691 |   1090 |   2628 |  15085 |  15 | 1452.1 |
        Temple |      5 |      2 |      3 |      0 |      0 |   1 |    5.0 |
          Lair |   7445 |   6768 |    677 |    353 |   5238 |   5 | 1489.0 |
         Swamp |   7217 |   7056 |    161 |   2948 |   3188 |   4 | 1804.2 |
     Snake Pit |   9454 |   9196 |    258 |   2410 |   5534 |   4 | 2363.5 |
  Orcish Mines |   3025 |   2828 |    197 |     36 |   2297 |   2 | 1512.5 |
   Elven Halls |   3148 |   3058 |     90 |    604 |   1889 |   2 | 1574.0 |
      Ice Cave |   2586 |   2586 |      0 |   1558 |    662 |   1 | 2586.0 |
       Volcano |    378 |    378 |      0 |     65 |     94 |   1 |  378.0 |
               +--------+--------+--------+--------+--------+-----+--------+

Top non-repeatable levels by time:
 Snake:4: 2934 daAuts
 Snake:3: 2648 daAuts
   IceCv: 2586 daAuts
 Snake:2: 2399 daAuts
 Swamp:4: 2328 daAuts
     D:6: 2309 daAuts
    D:15: 2236 daAuts
 Swamp:3: 2026 daAuts
   Elf:1: 1909 daAuts
    D:11: 1905 daAuts
     D:8: 1796 daAuts
   Orc:2: 1767 daAuts
    D:10: 1755 daAuts
  Lair:5: 1725 daAuts
 Swamp:2: 1723 daAuts
